% Time on Ice - LONG BEACH BARACUDAS
Lines # - Real PCT - Wanted PCT - Time Play
Normal Forward
1 - 34% - 39% - 15:03
2 - 28% - 34% - 12:21
3 - 23% - 17% - 9:53
4 - 15% - 10% - 6:38
Normal Defense
1 - 35% - 36% - 15:23
2 - 30% - 31% - 13:12
3 - 25% - 23% - 11:04
4 - 10% - 10% - 4:16
PP Forward
1 - 50% - 55% - 5:46
2 - 50% - 45% - 5:46
PP Defense
1 - 56% - 55% - 6:29
2 - 44% - 45% - 5:03
PK Forward
1 - 65% - 55% - 1:21
2 - 35% - 45% - 0:44
PK Defense
1 - 44% - 55% - 0:55
2 - 56% - 45% - 1:10
PK3 Forward
1 - 72% - 55% - 1:23
2 - 28% - 45% - 0:33
PK3 Defense
1 - 30% - 55% - 0:35
2 - 70% - 45% - 1:21
44 Forward
1 - 0% - 55%
2 - 0% - 45%
44 Defense
1 - 0% - 55%
2 - 0% - 45%
Last Minute Offensive  - 0:00
Last Minute Defensive  - 0:32
Total
Forward - 60:00
Defense - 60:00
% Time on Ice - NORTH DAKOTA HAWKS
Lines # - Real PCT - Wanted PCT - Time Play
Normal Forward
1 - 28% - 28% - 12:24
2 - 28% - 28% - 12:24
3 - 25% - 24% - 10:47
4 - 19% - 20% - 8:20
Normal Defense
1 - 34% - 34% - 15:03
2 - 36% - 33% - 15:48
3 - 17% - 18% - 7:25
4 - 13% - 15% - 5:39
PP Forward
1 - 60% - 50% - 2:24
2 - 40% - 50% - 1:37
PP Defense
1 - 39% - 50% - 1:34
2 - 61% - 50% - 2:27
PK Forward
1 - 46% - 50% - 5:20
2 - 54% - 50% - 6:12
PK Defense
1 - 54% - 50% - 6:17
2 - 46% - 50% - 5:15
PK3 Forward
1 - 0% - 50%
2 - 0% - 50%
PK3 Defense
1 - 0% - 50%
2 - 0% - 50%
44 Forward
1 - 0% - 50%
2 - 0% - 50%
44 Defense
1 - 0% - 50%
2 - 0% - 50%
Last Minute Offensive  - 0:32
Last Minute Defensive  - 0:00
Total
Forward - 60:00
Defense - 60:00
Play-by-Play 1st period 0:01 of 1st period - Brock Nelson wins face-off versus Nick Suzuki in neutral zone. 0:43 of 1st period - Shot by Jason Robertson. 0:43 of 1st period - Stopped by Martin Jones with a rebound. 1:31 of 1st period - Shot by Jaden Schwartz. 1:31 of 1st period - Stopped by Carter Hart without a rebound. 1:32 of 1st period - Derek Stepan wins face-off versus Brandon Sutter in NORTH DAKOTA HAWKS zone. 1:51 of 1st period - Shot by Brandon Sutter. 1:51 of 1st period - Shot Blocked by Callan Foote. 2:05 of 1st period - Shot by Dillon Dube. 2:05 of 1st period - Shot Misses the Net. 2:07 of 1st period - Shot by Brandon Sutter. 2:07 of 1st period - Stopped by Martin Jones with a rebound. 2:11 of 1st period - Shot by Colin Blackwell. 2:11 of 1st period - Stopped by Martin Jones with a rebound. 2:34 of 1st period - Shot by Nic Dowd. 2:34 of 1st period - Stopped by Martin Jones without a rebound. 2:35 of 1st period - Jack Hughes wins face-off versus Victor Rask in LONG BEACH BARACUDAS zone. 3:06 of 1st period - Minor Penalty to Patrick Marleau for Hooking. 3:07 of 1st period - Derek Stepan wins face-off versus Nick Suzuki in LONG BEACH BARACUDAS zone. 3:15 of 1st period - Icing by Jason Robertson. 3:16 of 1st period - Nick Suzuki wins face-off versus Derek Stepan in NORTH DAKOTA HAWKS zone. 3:20 of 1st period - Off-side. 3:21 of 1st period - Victor Rask wins face-off versus Jack Hughes in neutral zone. 3:40 of 1st period - Shot by Jack Hughes. 3:40 of 1st period - Stopped by Martin Jones without a rebound. 3:41 of 1st period - Nick Suzuki wins face-off versus Derek Stepan in LONG BEACH BARACUDAS zone. 4:06 of 1st period - Shot by Dillon Dube. 4:06 of 1st period - Shot Blocked by Callan Foote. 4:08 of 1st period - Shot by Jason Robertson. 4:08 of 1st period - Stopped by Martin Jones with a rebound. 4:10 of 1st period - Shot by Quinton Hughes. 4:10 of 1st period - Shot Misses the Net. 5:23 of 1st period - Alexander Volkov is hit by Alex Pietrangelo and loses puck. 6:01 of 1st period - Shot by Jason Robertson. 6:01 of 1st period - Deflect By Nick Suzuki. 6:01 of 1st period - Stopped by Martin Jones without a rebound. 6:02 of 1st period - Jack Hughes wins face-off versus Brock Nelson in LONG BEACH BARACUDAS zone. 6:08 of 1st period - Icing by Michael Del Zotto. 6:09 of 1st period - Brock Nelson wins face-off versus Colin Blackwell in LONG BEACH BARACUDAS zone. 6:33 of 1st period - Off-side. 6:34 of 1st period - Victor Rask wins face-off versus Luke Kunin in neutral zone. 6:37 of 1st period - Shot by Patrick Marleau. 6:37 of 1st period - Goal by Patrick Marleau - LONG BEACH BARACUDAS : 1 - NORTH DAKOTA HAWKS : 0. 6:38 of 1st period - Nick Suzuki wins face-off versus Joshua Norris in neutral zone. 6:53 of 1st period - Shot by Nick Suzuki. 6:53 of 1st period - Shot Blocked by Jake Gardiner. 7:01 of 1st period - Shot by Joshua Norris. 7:01 of 1st period - Shot Blocked by Jason Robertson. 7:03 of 1st period - Shot by Callan Foote. 7:03 of 1st period - Shot Blocked by Nick Suzuki. 7:36 of 1st period - Icing by Michael Del Zotto. 7:37 of 1st period - Jack Hughes wins face-off versus Brock Nelson in LONG BEACH BARACUDAS zone. 7:38 of 1st period - Shot by Alex Killorn. 7:38 of 1st period - Shot Misses the Net. 7:42 of 1st period - Shot by Alex Killorn. 7:42 of 1st period - Shot Misses the Net. 8:20 of 1st period - Shot by Alex Killorn. 8:20 of 1st period - Shot Misses the Net. 8:22 of 1st period - Shot by Luke Kunin. 8:22 of 1st period - Shot Misses the Net. 8:32 of 1st period - Shot by Brandon Sutter. 8:32 of 1st period - Shot Blocked by Michael Del Zotto. 8:36 of 1st period - Shot by Colin Blackwell. 8:36 of 1st period - Stopped by Martin Jones with a rebound. 8:38 of 1st period - Shot by Connor Clifton. 8:38 of 1st period - Stopped by Martin Jones with a rebound. 8:40 of 1st period - Shot by Marc Staal. 8:40 of 1st period - Goal by Marc Staal - LONG BEACH BARACUDAS : 1 - NORTH DAKOTA HAWKS : 1. 8:41 of 1st period - Nic Dowd wins face-off versus Joshua Norris in neutral zone. 8:58 of 1st period - Shot by Joshua Norris. 8:58 of 1st period - Shot Blocked by Ryan Lindgren. 9:14 of 1st period - Shot by Nic Dowd. 9:14 of 1st period - Stopped by Martin Jones without a rebound. 9:15 of 1st period - Derek Stepan wins face-off versus Brandon Sutter in LONG BEACH BARACUDAS zone. 9:21 of 1st period - Off-side. 9:22 of 1st period - Brandon Sutter wins face-off versus Derek Stepan in neutral zone. 9:24 of 1st period - Colin Blackwell is hit by Callan Foote and loses puck. 10:40 of 1st period - Shot by Jordan Kyrou. 10:40 of 1st period - Stopped by Martin Jones without a rebound. 10:41 of 1st period - Jack Hughes wins face-off versus Jaden Schwartz in LONG BEACH BARACUDAS zone. 10:42 of 1st period - Shot by Alex Killorn. 10:42 of 1st period - Shot Blocked by Michael Del Zotto. 10:59 of 1st period - Robert Fabbri is hit by Luke Kunin. 11:09 of 1st period - Shot by Jack Hughes. 11:09 of 1st period - Shot Misses the Net. 11:11 of 1st period - Shot by Dougie Hamilton. 11:11 of 1st period - Shot Blocked by Jared Spurgeon. 11:13 of 1st period - Shot by Luke Kunin. 11:13 of 1st period - Stopped by Martin Jones with a rebound. 11:15 of 1st period - Shot by Jack Hughes. 11:15 of 1st period - Stopped by Martin Jones without a rebound. 11:16 of 1st period - Brock Nelson wins face-off versus Nic Dowd in LONG BEACH BARACUDAS zone. 11:32 of 1st period - Nic Dowd is hit by Alex Pietrangelo and loses puck. 13:14 of 1st period - Jaden Schwartz is hit by Josh Manson and loses puck. 13:23 of 1st period - Shot by Robert Fabbri. 13:23 of 1st period - Shot Blocked by Quinton Hughes. 13:27 of 1st period - Shot by Jaden Schwartz. 13:27 of 1st period - Stopped by Carter Hart without a rebound. 13:28 of 1st period - Jack Hughes wins face-off versus Brock Nelson in NORTH DAKOTA HAWKS zone. 13:36 of 1st period - Icing by Brock Nelson. 13:37 of 1st period - Brock Nelson wins face-off versus Brandon Sutter in LONG BEACH BARACUDAS zone. 13:48 of 1st period - Shot by Dillon Dube. 13:48 of 1st period - Shot Misses the Net. 14:11 of 1st period - Icing by Jakub Voracek. 14:12 of 1st period - Brock Nelson wins face-off versus Jack Hughes in LONG BEACH BARACUDAS zone. 15:57 of 1st period - Shot by Jason Robertson. 15:57 of 1st period - Shot Blocked by Callan Foote. 15:59 of 1st period - Shot by Ryan Lindgren. 15:59 of 1st period - Shot Hit the Post. 16:01 of 1st period - Shot by Jason Robertson. 16:01 of 1st period - Shot Blocked by J.T. Compher. 16:03 of 1st period - Shot by Nick Suzuki. 16:03 of 1st period - Shot Misses the Net. 16:38 of 1st period - Shot by Dillon Dube. 16:38 of 1st period - Shot Misses the Net. 17:07 of 1st period - Icing by Frank Vatrano. 17:08 of 1st period - Nic Dowd wins face-off versus Brock Nelson in NORTH DAKOTA HAWKS zone. 17:15 of 1st period - Shot by Brock Nelson. 17:15 of 1st period - Stopped by Carter Hart without a rebound. 17:16 of 1st period - Brock Nelson wins face-off versus Jack Hughes in NORTH DAKOTA HAWKS zone. 17:19 of 1st period - Shot by Taylor Hall. 17:19 of 1st period - Stopped by Carter Hart without a rebound. 17:20 of 1st period - Nick Suzuki wins face-off versus Taylor Hall in NORTH DAKOTA HAWKS zone. 17:20 of 1st period - Nick Suzuki is hit by Taylor Hall. 17:47 of 1st period - Shot by Brock Nelson. 17:47 of 1st period - Deflect By Taylor Hall. 17:47 of 1st period - Shot Misses the Net. 18:24 of 1st period - Robert Fabbri is hit by Ryan Lindgren. 18:25 of 1st period - Minor Penalty to Ryan Lindgren for Hooking. 18:26 of 1st period - Nic Dowd wins face-off versus Joshua Norris in NORTH DAKOTA HAWKS zone. 19:11 of 1st period - Shot by Jared Spurgeon. 19:11 of 1st period - Shot Misses the Net. 19:13 of 1st period - Shot by Taylor Hall. 19:13 of 1st period - Stopped by Carter Hart without a rebound. 19:14 of 1st period - Brock Nelson wins face-off versus Nic Dowd in NORTH DAKOTA HAWKS zone. 19:15 of 1st period - Shot by Taylor Hall. 19:15 of 1st period - Stopped by Carter Hart without a rebound. 19:16 of 1st period - Robert Fabbri wins face-off versus Nic Dowd in NORTH DAKOTA HAWKS zone. Goals for this period are 1 for LONG BEACH BARACUDAS vs 1 for NORTH DAKOTA HAWKS. Shots for this period are 7 for LONG BEACH BARACUDAS vs 14 for NORTH DAKOTA HAWKS. 2nd period 0:01 of 2nd period - Joshua Norris wins face-off versus Nic Dowd in neutral zone. 0:33 of 2nd period - Shot by Alex Killorn. 0:33 of 2nd period - Shot Misses the Net. 0:49 of 2nd period - Icing by Marc Staal. 0:50 of 2nd period - Brock Nelson wins face-off versus Jack Hughes in NORTH DAKOTA HAWKS zone. 1:46 of 2nd period - Shot by Jaden Schwartz. 1:46 of 2nd period - Shot Misses the Net. 1:54 of 2nd period - Shot by Jaden Schwartz. 1:54 of 2nd period - Shot Misses the Net. 1:56 of 2nd period - Shot by Alex Pietrangelo. 1:56 of 2nd period - Shot Misses the Net. 2:04 of 2nd period - Shot by Jaden Schwartz. 2:04 of 2nd period - Deflect By Joshua Norris. 2:04 of 2nd period - Shot Misses the Net. 2:06 of 2nd period - Shot by Alex Pietrangelo. 2:06 of 2nd period - Stopped by Carter Hart without a rebound. 2:07 of 2nd period - Victor Rask wins face-off versus Nick Suzuki in NORTH DAKOTA HAWKS zone. 2:10 of 2nd period - Shot by Alexandre Texier. 2:10 of 2nd period - Stopped by Carter Hart without a rebound. 2:11 of 2nd period - Victor Rask wins face-off versus Jason Robertson in NORTH DAKOTA HAWKS zone. 2:16 of 2nd period - Shot by Alexandre Texier. 2:16 of 2nd period - Stopped by Ca